Map: Eternal Empire LE

Players

Bombs

  • Race: Zerg Zerg
  • Spawn Location: 7:00

A.I. 2 (Elite) - Winner!

  • Race: Terran Terran
  • Spawn Location: 1:00

VOD

Have the link to the VOD?

Description

Time

  • Played on: March 18, 2020, 8:30 p.m.
  • Length: 11:36
Show
View Real Time Build Order
Export as new Build Order

Bombs Zerg 

Build Orders: Hatch First 

Get SALT Encoding   

  12  0:01  Drone  
  13  0:12  Overlord  
  13  0:17  Drone  
  14  0:31  Drone x2  
  17  0:35  Drone  
  17  0:53  Hatchery  
  17  0:56  Drone  
  17  1:01  Extractor, Drone  
  17  1:16  Spawning Pool  
  17  1:18  Drone  
  17  1:26  Drone  
  17  1:31  Drone  
  19  1:46  Overlord  
  19  2:03  Zergling x4  
  19  2:05  Queen x2  
  25  2:09  Metabolic Boost  
  25  2:14  Drone  
  26  2:16  Drone  
  26  2:20  Drone  
  28  2:24  Drone  
  29  2:44  Hatchery  
  29  2:51  Overlord  
  28  2:54  Drone  
  28  2:56  Drone  
  30  3:01  Drone x2  
  30  3:05  Drone  
  33  3:09  Drone  
  33  3:10  Drone  
  35  3:15  Pneumatized Carapace  
  35  3:23  Overlord  
  35  3:25  Drone  
  35  3:26  Drone  
  37  3:28  Drone  
  37  3:31  Drone  
  39  3:37  Queen  
  39  3:40  Drone  
  42  3:45  Drone x3  
  45  3:52  Overlord  
  45  3:54  Drone x2  
  47  3:56  Drone  
  47  3:57  Drone  
  49  4:10  Baneling Nest  
  49  4:13  Zergling x12  
  54  4:18  Queen  
  56  4:24  Spore Crawler  
  56  4:26  Spore Crawler  
  56  4:27  Spore Crawler  
  56  4:29  Zergling x6  
  57  4:31  Zergling x2  
  57  4:39  Overlord  
  57  4:40  Drone x4  
  57  4:42  Drone  
  57  4:44  Drone  
  57  4:45  Drone  
  64  4:56  Queen x2  
  64  4:59  Overlord  
  68  5:03  Drone x4  
  72  5:08  Drone  
  72  5:09  Drone  
  74  5:20  Overlord x2  
  74  5:24  Baneling x3  
  74  5:25  Baneling x2  
  74  5:32  Drone x8  
  82  5:36  Extractor, Evolution Chamber x2  
  82  5:37  Extractor, Lair  
  78  5:45  Drone x4  
  78  5:46  Drone x3  
  85  5:53  Overlord  
  85  5:54  Drone  
  86  6:10  Zerg Ground Armor Level 1, Zerg Melee Weapons Level 1  
  86  6:16  Overlord x2  
  86  6:19  Extractor x2  
  86  6:20  Extractor  
  86  6:21  Drone x8  
  91  6:39  Hatchery  
  90  6:50  Zergling x8  
  90  6:51  Hydralisk Den, Zergling x16  
  101  7:00  Overlord  
  101  7:01  Overlord  
  101  7:04  Zergling x8  
  105  7:11  Baneling  
  105  7:12  Baneling x3  
  105  7:15  Centrifical Hooks  
  105  7:16  Zergling x2  
  105  7:17  Zergling x6  
  105  7:20  Zergling x18  
  118  7:24  Grooved Spines  
  118  7:26  Baneling x9  
  118  7:27  Baneling x9  
  118  7:30  Drone  
  119  7:38  Zergling x8  
  123  7:49  Hydralisk x3  
  123  7:50  Hydralisk x4  
  137  7:52  Zergling x10  
  137  7:53  Queen  
  144  7:58  Overlord x2  
  144  8:12  Overlord x2  
  144  8:23  Drone x9  
  144  8:24  Drone x6  
  159  8:28  Unknown  
  158  8:35  Muscular Augments, Zerg Melee Weapons Level 2, Zerg Ground Armor Level 2  
  158  8:40  Hatchery  
  157  8:41  Infestation Pit  
  156  8:49  Hydralisk x3  
  156  8:50  Hydralisk x3  
  156  8:52  Overlord  
  164  9:14  Zergling x4  
  164  9:15  Zergling x28  
  169  9:35  Hive  
  169  9:39  Baneling x9  
  169  9:40  Baneling x9, Overlord x3  
  169  9:41  Overlord  
  169  9:48  Zergling x12  
  175  10:06  Baneling x12  
  175  10:07  Hydralisk x10  
  175  10:08  Hydralisk x2  
Show
View Real Time Build Order
Export as new Build Order

A.I. 2 (Elite) Terran - Winner!

Build Orders: Command Center First (CC) 

Get SALT Encoding   

  12  0:00  SCV  
  13  0:13  SCV  
  14  0:19  Supply Depot  
  14  0:25  SCV  
  15  0:40  SCV  
  16  0:52  SCV  
  17  1:04  SCV, Command Center  
  18  1:16  Barracks  
  18  1:18  SCV  
  19  1:45  Supply Depot  
  19  1:51  Refinery  
  19  1:53  SCV  
  20  2:04  Marine  
  20  2:06  Orbital Command  
  21  2:12  Barracks  
  21  2:16  SCV  
  21  2:20  Refinery  
  21  2:22  Marine  
  23  2:28  SCV  
  24  2:39  Supply Depot  
  24  2:40  SCV, Marine  
  26  2:48  Orbital Command  
  26  2:55  SCV  
  26  2:58  Marine  
  28  2:59  Marine  
  28  3:04  Factory  
  29  3:08  SCV  
  30  3:15  SCV, Marine  
  30  3:17  Marine  
  33  3:20  SCV  
  34  3:27  SCV  
  34  3:32  SCV  
  34  3:33  Marine  
  37  3:34  Marine  
  37  3:35  Barracks  
  37  3:39  SCV  
  39  3:44  SCV  
  40  3:49  Factory Tech Lab, Starport  
  40  3:52  Barracks Tech Lab  
  40  3:53  SCV, Barracks Tech Lab  
  41  3:56  SCV  
  42  4:05  SCV  
  42  4:08  SCV  
  44  4:10  Marine  
  44  4:11  Stimpack, Combat Shield, Supply Depot, Marine  
  46  4:17  SCV  
  46  4:20  SCV  
  46  4:22  Marine  
  49  4:28  Marine  
  49  4:29  SCV, Marine  
  52  4:32  SCV  
  52  4:33  Supply Depot  
  52  4:34  Medivac  
  55  4:41  SCV  
  55  4:44  SCV  
  57  4:48  Marine x2, Supply Depot, Siege Tank  
  62  4:54  Marine  
  62  4:55  SCV  
  62  4:56  SCV, Supply Depot  
  65  5:03  Refinery  
  65  5:06  Marauder  
  68  5:07  SCV, Refinery  
  68  5:10  Marauder  
  71  5:14  SCV  
  71  5:19  SCV  
  71  5:21  Hellion  
  74  5:26  SCV  
  74  5:27  Marauder  
  74  5:28  Supply Depot  
  77  5:31  SCV  
  77  5:32  Marauder  
  80  5:38  SCV  
  80  5:42  Hellion  
  83  5:43  SCV  
  83  5:46  Barracks Reactor, Engineering Bay  
  83  5:48  Engineering Bay  
  83  5:49  Marauder  
  86  5:50  SCV  
  86  5:53  Supply Depot  
  86  5:54  Command Center  
  86  5:55  SCV  
  88  6:05  SCV  
  88  6:07  Marauder  
  88  6:10  Marauder  
  93  6:13  Terran Infantry Weapons Level 1  
  93  6:14  Terran Infantry Armor Level 1  
  93  6:16  Supply Depot  
  93  6:19  Siege Tank  
  96  6:25  Missile Turret  
  96  6:26  Missile Turret  
  96  6:28  Marauder  
  96  6:29  Concussive Shells  
  96  6:30  Barracks  
  98  6:33  Starport Reactor  
  98  6:38  Marauder  
  100  6:40  Supply Depot  
  100  6:47  Missile Turret  
  100  6:49  Marauder  
  100  6:51  Siege Tank  
  105  6:59  Marauder  
  107  7:06  SCV x2, Supply Depot  
  107  7:07  SCV  
  110  7:09  Medivac  
  110  7:11  Marauder  
  114  7:18  SCV, Refinery  
  114  7:20  Missile Turret, Orbital Command  
  114  7:21  SCV  
  114  7:22  Missile Turret  
  116  7:23  Siege Tank  
  119  7:30  SCV, Armory  
  119  7:33  SCV  
  119  7:36  Supply Depot  
  121  7:42  SCV  
  122  7:45  SCV  
  122  7:46  SCV  
  122  7:47  Refinery  
  124  7:54  SCV  
  124  7:55  Widow Mine  
  124  7:56  Armory  
  124  7:58  Missile Turret  
  127  7:59  SCV x2  
  127  8:04  Supply Depot  
  129  8:06  SCV  
  129  8:11  SCV  
  129  8:12  SCV  
  132  8:17  Terran Infantry Weapons Level 2, Widow Mine  
  132  8:18  SCV, Terran Vehicle Weapons Level 1  
  132  8:19  Missile Turret  
  135  8:26  Medivac  
  137  8:29  Supply Depot  
  137  8:36  Factory, Command Center  
  137  8:38  Widow Mine  
  139  8:42  Terran Vehicle And Ship Armor Level 1  
  139  8:43  Starport  
  139  8:49  Hi-Sec Auto Tracking  
  139  8:52  Supply Depot  
  139  8:59  Siege Tank  
  142  9:07  Marine x3  
  142  9:09  Marine x2  
  98  9:19  Medivac  
  98  9:20  Starport Tech Lab, Hellion  
  88  9:25  Marauder, Marine x2  
  88  9:27  Marine x2  
  94  9:32  Hellion  
  94  9:36  Missile Turret  
  96  9:39  Raven  
  96  9:41  Hellion  
  96  9:42  Marine, Barracks  
  96  9:43  Marine  
  96  9:44  Marine  
  96  9:45  Barracks Tech Lab  
  103  9:47  Marauder  
  103  9:48  Planetary Fortress  
  105  9:53  Hellion  
  107  10:00  Marine x2, Missile Turret  
  107  10:02  Marine  
  107  10:03  Widow Mine, Marine, Missile Turret  
  113  10:07  Marine  
  113  10:13  Refinery  
  114  10:14  Siege Tank  
  114  10:18  Marine x2  
  114  10:20  Marine  
  122  10:21  Marauder  
  122  10:22  Raven  
  122  10:24  Medivac, Hellion  
  122  10:26  Marauder, Refinery  
  130  10:30  Marine  
  130  10:33  Command Center  
  131  10:36  Marauder, Marine  
  136  10:43  Marauder  
  136  10:46  Siege Tank, Factory Tech Lab  
  136  10:47  Marauder  
  141  10:53  Marine  
  141  10:54  Marine  
  146  10:58  Marauder  
  150  11:04  Marauder, Hellion  
  150  11:06  Supply Depot  
  150  11:09  Marauder  
  154  11:13  Missile Turret  
  154  11:14  Missile Turret  
Tags
 
Add a new tag
Caveats
  • Supply blocks, unpowered buildings, or Contaminate may cause inaccurate times.
  • Supply counts are checked every 10 seconds.